Map: Lerilak Crest

Players

Namshar

  • Race: Zerg Zerg
  • League: Grandmaster

PtitDrogo - Winner!

  • Race: Protoss Protoss
  • League: Master

Event: DreamHack ZOWIE Open Leipzig

VOD

Have the link to the VOD?

Description

Time

  • Played on: Jan. 22, 2016, 8:58 a.m.
  • Length: 18:35

All games in this series

Show
View Real Time Build Order
Export as new Build Order

Namshar Zerg 

Build Orders: Hatch First, Lurkers 

Get SALT Encoding   

  12  0:01  Drone  
  13  0:08  Drone  
  14  0:17  Overlord  
  14  0:24  Extractor  
  14  0:25  Drone  
  15  0:35  Drone  
  15  0:36  Drone  
  17  0:52  Hatchery  
  17  0:54  Drone  
  17  1:00  Drone  
  18  1:12  Spawning Pool  
  17  1:32  Hatchery  
  16  1:34  Drone  
  16  1:37  Drone  
  18  1:41  Drone  
  20  1:47  Drone  
  20  2:02  Queen  
  20  2:03  Queen  
  24  2:08  Overlord  
  24  2:12  Zergling x2  
  24  2:14  Drone  
  26  2:17  Drone  
  26  2:18  Drone  
  28  2:26  Drone  
  28  2:29  Drone  
  30  2:38  Queen  
  30  2:39  Queen  
  30  2:44  Drone x2  
  35  2:48  Overlord  
  35  2:51  Drone  
  37  2:55  Drone x2  
  37  2:58  Drone  
  40  3:09  Zergling x6  
  42  3:14  Extractor  
  42  3:15  Drone x5  
  42  3:17  Extractor  
  42  3:19  Overlord  
  45  3:23  Drone x2  
  45  3:24  Drone  
  45  3:26  Drone  
  49  3:31  Zergling x2  
  48  3:41  Drone  
  48  3:42  Drone x2  
  51  3:48  Drone  
  51  3:49  Drone x6  
  51  3:55  Drone  
  58  3:57  Overlord x2  
  58  4:08  Overlord  
  58  4:16  Spore Crawler  
  55  4:20  Lair, Roach Warren  
  55  4:23  Evolution Chamber  
  54  4:25  Drone  
  54  4:27  Drone  
  54  4:28  Drone x9  
  65  4:33  Overlord  
  65  4:35  Metabolic Boost  
  65  4:39  Evolution Chamber, Drone  
  65  4:40  Drone x2  
  65  4:44  Extractor  
  66  4:47  Extractor  
  66  4:49  Drone  
  66  4:50  Drone x4  
  70  4:53  Overlord  
  70  4:55  Zerg Melee Weapons Level 1  
  70  4:57  Drone x2  
  72  5:01  Drone x3, Extractor  
  72  5:02  Extractor  
  72  5:06  Drone  
  75  5:07  Drone x3  
  77  5:21  Overseer  
  77  5:24  Zerg Ground Armor Level 1  
  77  5:26  Drone  
  77  5:27  Drone  
  79  5:30  Drone, Glial Reconstitution  
  79  5:32  Hatchery  
  79  5:33  Drone  
  79  5:34  Spore Crawler  
  79  5:35  Spore Crawler  
  78  5:36  Roach x4  
  78  5:40  Roach x3  
  78  5:42  Roach  
  93  5:46  Roach x2  
  95  5:50  Roach  
  95  5:55  Roach x2  
  93  6:12  Overlord x3  
  93  6:22  Overlord  
  93  6:23  Overlord  
  93  6:24  Spore Crawler  
  92  6:27  Hydralisk Den  
  92  6:30  Overlord x2, Queen x2  
  92  6:32  Spore Crawler, Drone x2  
  95  6:37  Drone  
  95  6:39  Drone x4  
  100  6:48  Drone x3  
  100  6:51  Drone  
  100  6:53  Zerg Melee Weapons Level 2  
  99  6:54  Drone  
  99  6:55  Drone  
  99  6:59  Drone  
  99  7:00  Drone x2  
  102  7:02  Drone  
  102  7:03  Lurker Den  
  102  7:08  Overlord  
  102  7:15  Hydralisk x5  
  104  7:19  Infestation Pit  
  104  7:20  Zerg Ground Armor Level 2  
  111  7:24  Spore Crawler, Drone  
  111  7:27  Drone  
  111  7:29  Spore Crawler  
  110  7:30  Drone, Spore Crawler  
  110  7:33  Drone x3  
  110  7:34  Drone  
  111  7:38  Overlord  
  111  7:40  Hydralisk  
  111  7:41  Hydralisk  
  115  7:56  Hydralisk x5  
  123  7:59  Drone x2  
  123  8:00  Drone x2  
  123  8:05  Drone x2  
  127  8:08  Overlord x2  
  127  8:10  Overlord  
  127  8:23  Hydralisk  
  127  8:25  Overlord  
  127  8:26  Overlord x2  
  129  8:28  Overlord  
  129  8:30  Muscular Augments  
  129  8:39  Overlord  
  129  8:42  Lurker x5  
  129  8:44  Hydralisk x3  
  129  8:45  Hydralisk  
  142  8:58  Drone  
  140  9:03  Hydralisk x3  
  140  9:05  Drone x2  
  140  9:08  Drone x2  
  147  9:15  Lurker x3  
  147  9:16  Lurker x3  
  153  9:22  Hatchery  
  153  9:23  Lurker  
  153  9:26  Drone x2  
  153  9:32  Drone x2  
  153  9:33  Drone x2  
  153  9:37  Lurker  
  153  9:38  Lurker  
  159  9:39  Zergling x2  
  159  9:40  Zergling x16  
  159  9:42  Spore Crawler x3  
  159  9:43  Spore Crawler  
  164  9:56  Lurker x3  
  167  10:04  Hydralisk x4  
  175  10:10  Extractor  
  175  10:12  Extractor  
  175  10:13  Hydralisk  
  175  10:14  Hydralisk  
  173  10:15  Overlord  
  173  10:16  Overlord  
  175  10:32  Ravager x4  
  161  10:44  Hydralisk  
  161  10:45  Hydralisk x3  
  143  10:55  Hatchery  
  134  11:03  Hydralisk x4  
  142  11:08  Hatchery, Zergling x16  
  149  11:13  Zerg Missile Weapons Level 1  
  144  11:35  Hydralisk x2  
  144  11:36  Hydralisk x2  
  152  11:43  Zergling x8  
  155  11:59  Lurker  
  155  12:00  Lurker  
  157  12:01  Lurker  
  157  12:03  Zergling x14  
  165  12:09  Hive  
  164  12:24  Zergling x16  
  164  12:25  Zergling x6  
  148  12:44  Zergling x16  
  148  12:45  Zergling x2  
  144  12:57  Lurker x2  
  146  13:02  Spire  
  144  13:06  Zergling x2  
  144  13:07  Zergling x18  
  147  13:24  Overseer  
  137  13:31  Drone x10  
  138  13:52  Extractor  
  130  14:09  Viper x4  
  136  14:10  Viper  
  136  14:14  Viper  
  148  14:26  Hydralisk x2  
  148  14:27  Hydralisk  
  154  14:37  Hydralisk x2  
  154  14:38  Hydralisk  
  160  14:49  Hydralisk  
  160  14:50  Hydralisk x2  
  152  15:10  Hatchery  
  152  15:11  Hydralisk  
  152  15:12  Hydralisk  
  151  15:28  Hydralisk  
  153  15:44  Viper  
  155  15:51  Viper  
  158  16:12  Drone  
  158  16:13  Drone x2  
  158  16:14  Drone x3  
  164  16:21  Adrenal Glands  
  162  16:34  Drone x2  
  162  16:39  Zerg Flyer Weapons Level 1, Queen  
  162  16:52  Corruptor x2  
  166  16:58  Corruptor  
  166  17:00  Corruptor  
  169  17:13  Hydralisk x2  
  163  17:32  Hydralisk  
  163  17:33  Hydralisk  
  163  17:36  Corruptor x4  
  169  17:44  Overseer  
  169  17:46  Overseer x2  
  163  17:54  Queen  
Show
View Real Time Build Order
Export as new Build Order

PtitDrogo Protoss - Winner!

Build Orders: Nexus First 

Get SALT Encoding   

  12  0:00  Probe (Chrono Boost)  
  13  0:11  Probe (Chrono Boost)  
  14  0:18  Pylon  
  14  0:22  Probe (Chrono Boost)  
  15  0:36  Probe (Chrono Boost)  
  16  0:47  Probe (Chrono Boost)  
  17  0:59  Nexus  
  17  1:09  Gateway  
  17  1:12  Probe (Chrono Boost)  
  17  1:17  Assimilator  
  18  1:22  Probe (Chrono Boost)  
  19  1:26  Assimilator  
  19  1:34  Probe (Chrono Boost)  
  20  1:43  Gateway  
  20  1:44  Probe (Chrono Boost)  
  21  1:55  Probe (Chrono Boost)  
  21  1:57  Cybernetics Core  
  22  2:05  Probe (Chrono Boost)  
  23  2:11  Probe (Chrono Boost)  
  24  2:16  Probe (Chrono Boost)  
  24  2:22  Probe (Chrono Boost)  
  26  2:26  Probe (Chrono Boost)  
  27  2:32  Probe (Chrono Boost)  
  27  2:34  Adept x2 (Chrono Boost)  
  27  2:37  Probe, Warp Gate  
  33  2:47  Mothership Core (Chrono Boost)  
  33  2:49  Probe (Chrono Boost)  
  33  2:50  Pylon  
  36  3:01  Probe (Chrono Boost)  
  37  3:07  Probe (Chrono Boost)  
  37  3:12  Sentry x2, Probe (Chrono Boost)  
  43  3:14  Pylon  
  43  3:17  Probe (Chrono Boost)  
  44  3:22  Probe (Chrono Boost)  
  45  3:33  Probe (Chrono Boost), Nexus  
  46  3:34  Probe (Chrono Boost)  
  47  3:43  Probe (Chrono Boost)  
  48  3:50  Probe (Chrono Boost)  
  48  3:54  Probe (Chrono Boost), Assimilator  
  48  3:55  Assimilator  
  50  3:56  Pylon  
  50  3:58  Pylon  
  50  4:01  Probe (Chrono Boost)  
  51  4:04  Probe (Chrono Boost)  
  52  4:11  Probe (Chrono Boost), Gateway  
  52  4:13  Gateway  
  51  4:18  Probe (Chrono Boost)  
  51  4:22  Probe (Chrono Boost)  
  53  4:26  Pylon  
  53  4:28  Probe (Chrono Boost)  
  58  4:33  Probe (Chrono Boost)  
  55  4:39  Probe (Chrono Boost)  
  55  4:40  Stargate x2  
  55  4:43  Probe (Chrono Boost), Adept x2  
  62  4:45  Probe (Chrono Boost)  
  62  4:49  Probe (Chrono Boost)  
  63  4:54  Probe (Chrono Boost)  
  63  4:56  Probe (Chrono Boost)  
  65  5:00  Probe (Chrono Boost)  
  65  5:05  Probe (Chrono Boost)  
  65  5:06  Probe (Chrono Boost)  
  68  5:08  Adept x2  
  68  5:09  Adept x2  
  68  5:11  Probe (Chrono Boost)  
  77  5:15  Probe (Chrono Boost)  
  77  5:17  Probe (Chrono Boost)  
  80  5:21  Probe (Chrono Boost)  
  80  5:25  Phoenix x2 (Chrono Boost)  
  80  5:27  Probe (Chrono Boost)  
  80  5:28  Probe (Chrono Boost)  
  86  5:31  Pylon  
  86  5:33  Pylon  
  86  5:37  Probe, Assimilator  
  86  5:41  Assimilator  
  87  5:47  Probe  
  87  5:48  Phoenix (Chrono Boost)  
  87  5:49  Phoenix (Chrono Boost), Robotics Facility  
  92  5:54  Zealot x3  
  98  6:01  Probe  
  99  6:10  Phoenix (Chrono Boost)  
  103  6:11  Forge, Phoenix (Chrono Boost)  
  103  6:14  Twilight Council  
  103  6:17  Pylon  
  103  6:20  Pylon  
  103  6:22  Zealot x3, Pylon  
  109  6:26  Pylon  
  109  6:29  Pylon  
  109  6:33  Phoenix x2 (Chrono Boost)  
  114  6:40  Warp Prism (Chrono Boost)  
  114  6:41  Robotics Facility  
  115  7:03  Zealot x3  
  115  7:04  Zealot  
  115  7:07  Gateway  
  115  7:08  Gateway  
  123  7:09  Gateway  
  123  7:10  Gateway  
  123  7:12  Gateway, Observer (Chrono Boost), Protoss Ground Weapons Level 1 (Chrono Boost)  
  124  7:23  Charge  
  124  7:26  Templar Archives  
  128  7:37  Immortal x2 (Chrono Boost)  
  128  7:41  Pylon  
  128  7:43  Pylon  
  132  7:45  Gateway  
  132  7:47  Zealot x4  
  140  8:12  Immortal x2 (Chrono Boost), High Templar x2  
  150  8:13  High Templar x4  
  150  8:15  Zealot x2  
  150  8:19  Archon x3  
  164  8:23  Pylon  
  164  8:24  Pylon  
  164  8:27  Pylon  
  164  8:29  Pylon  
  164  8:31  Pylon  
  164  8:32  Pylon  
  164  8:41  Pylon  
  164  8:43  Pylon  
  164  8:46  High Templar x4  
  164  8:47  Zealot x4  
  180  8:52  Archon x2  
  180  8:55  Immortal (Chrono Boost)  
  184  8:59  Immortal (Chrono Boost)  
  188  9:12  Nexus  
  188  9:14  Pylon  
  186  9:18  Zealot x3, High Templar x2  
  186  9:19  Zealot x2  
  186  9:22  Archon  
  198  9:36  Photon Cannon  
  198  9:39  Photon Cannon x2  
  198  9:40  Photon Cannon  
  198  9:44  Photon Cannon  
  198  9:45  Pylon  
  198  9:46  Photon Cannon  
  198  9:47  Protoss Ground Weapons Level 2  
  196  10:08  Oracle x2 (Chrono Boost)  
  132  10:58  Psionic Storm  
  132  11:00  Zealot x5  
  132  11:01  Zealot x5  
  132  11:03  Assimilator  
  146  11:05  Assimilator  
  146  11:08  Stargate  
  142  11:15  Fleet Beacon  
  142  11:28  High Templar x4  
  150  11:39  Zealot x6  
  162  11:44  Warp Prism x2 (Chrono Boost)  
  162  11:45  Protoss Ground Weapons Level 3  
  166  11:49  Dark Shrine  
  166  12:04  Tempest x3  
  178  12:16  Photon Cannon  
  178  12:17  Photon Cannon  
  178  12:18  Photon Cannon x2  
  136  12:54  Tempest x3  
  148  13:02  Zealot  
  148  13:03  Zealot  
  148  13:05  Zealot  
  154  13:07  Dark Templar  
  154  13:08  Dark Templar x3  
  154  13:09  Zealot x3  
  155  13:30  Zealot x2  
  155  13:31  Zealot x4  
  163  13:39  Dark Templar  
  165  13:42  Tempest  
  165  13:43  Tempest  
  161  14:05  Tempest  
  165  14:11  Dark Templar  
  167  14:27  Nexus, Pylon  
  149  14:49  High Templar x3  
  149  14:51  Immortal (Chrono Boost)  
  149  14:52  Immortal (Chrono Boost)  
  136  15:09  High Templar x3  
  136  15:10  High Templar x3  
  136  15:11  High Templar  
  136  15:13  Archon  
  136  15:14  Archon  
  150  15:15  Archon  
  150  15:22  Protoss Ground Armor Level 1  
  156  15:37  Dark Templar  
  156  15:41  Carrier (Chrono Boost)  
  164  15:46  Assimilator  
  164  15:48  Assimilator  
  162  15:50  Zealot x5  
  172  15:59  Pylon  
  172  16:09  Photon Cannon  
  172  16:10  Photon Cannon x3  
  172  16:16  Carrier (Chrono Boost)  
  178  16:21  Carrier (Chrono Boost)  
  178  16:25  Protoss Air Weapons Level 1  
  180  16:48  High Templar  
  180  16:49  High Templar x3  
  180  16:50  Zealot  
  180  16:52  Archon  
  180  16:53  Archon  
  188  17:10  Zealot x3  

Tags
 
Add a new tag
Caveats
  • Supply blocks, unpowered buildings, or Contaminate may cause inaccurate times.
  • Supply counts are checked every 10 seconds.